 Dungeon Crawl Stone Soup version 0.29.1-2-gbd0b4ee654 (webtiles) character file.

Game seed: 8608181376141534355

884 styxcanada the Covert (level 7, -4/35 HPs)
             Began as a Spriggan Brigand on Nov 23, 2022.
             Was an Initiate of Gozag.
             Slain by a gnoll
             ... wielding a +0 spear
             ... led by a gnoll bouda
              (6 damage)
             ... on level 5 of the Dungeon on Nov 24, 2022.
             The game lasted 00:17:52 (5806 turns).

styxcanada the Covert (Spriggan Brigand)            Turns: 5806, Time: 00:17:53

Health: -4/35      AC:  3    Str:  7    XL:     7   Next: 76%
Magic:  12/12      EV: 19    Int: 13    God:    Gozag
Gold:   234        SH:  0    Dex: 18    Spells: 9/12 levels left

rFire   . . .      SeeInvis +   b - +1 sling (freeze)
rCold   . . .      Faith    .   (no shield)
rNeg    + . .      Spirit   .   s - +0 robe {rN+}
rPois   .          Reflect  .   (helmet restricted)
rElec   .          Harm     .   c - +0 cloak
rCorr   .          Rampage  .   (gloves unavailable)
Will    +....                   (boots unavailable)
Stlth   +++++.....              (no amulet)
HPRegen 0.11/turn               (no ring)
MPRegen 0.13/turn               (no ring)

@: gold aura, very quick
A: very small, no large weapons, unfitting armour, see invisible, speed 3
a: Renounce Religion, Potion Petition, Call Merchant, Bribe Branch


You were on level 5 of the Dungeon.
You worshipped Gozag.
Gozag was aware of your devotion.
You visited 2 branches of the dungeon, and saw 6 of its levels.

You collected 314 gold pieces.
You paid 80 gold pieces to Gozag.

Inventory:

Hand Weapons
 a - a +2 vorpal dagger
 b - a +1 sling of freezing (weapon)
Missiles
 d - 14 poisoned darts
 e - 3 curare-tipped darts
 i - 2 throwing nets
 j - 46 stones
 r - 3 boomerangs
Armour
 c - a +0 cloak (worn)
 s - a +0 robe of positive energy (worn)
Jewellery
 l - an amulet of reflection
Scrolls
 f - 2 scrolls of teleportation
 k - a scroll of immolation
Potions
 g - a potion of haste
 h - a potion of flight
 m - 2 potions of curing
 o - 2 potions of heal wounds {unknown}
 p - 2 potions of ambrosia {unknown}
 q - 3 potions of mutation {unknown}


   Skills:
 * Level 2.7 Fighting
 + Level 3.6 Short Blades
 + Level 1.7 Ranged Weapons
 + Level 2.8 Throwing
 * Level 4.6 Dodging
 * Level 9.8 Stealth
 * Level 3.3 Spellcasting
 * Level 1.1 Conjurations
 * Level 1.8 Hexes


You had 9 spell levels left.
You knew the following spells:

 Your Spells              Type           Power      Damage    Failure   Level
a - Dazzling Flash        Conj/Hex       10%        N/A       36%         3

Your spell library contained the following spells:

 Spells                   Type           Power      Damage    Failure   Level
 Agony                    Necr           2%         N/A       99%         5
 Silence                  Hex/Air        2%         N/A       99%         5


Dungeon Overview and Level Annotations

Branches:
Dungeon (5/15)             Temple (1/1) D:5

Altars:
Ashenzari
Cheibriados
Gozag
Hepliaklqana
Kikubaaqudgha
Makhleb
Qazlal
Ru
Trog
Uskayaw
Xom
Zin
The Shining One

Annotations:
D:4 1 runed translucent door, anonymouscript's ghost, amateur DjFE


Innate Abilities, Weirdness & Mutations

You are very small and have problems with some larger weapons.
You are too small for most types of armour.
You have supernaturally acute eyesight. (SInv)
You cover ground extremely quickly. (Speed+++)


Message History

The gnoll is heavily wounded.
The gnoll completely misses you.
Fire: b) +1 sling (freeze)
Press: ? - help, Q - select action, (/) - cycle Shift-Dir - straight line, f - gnoll
Aim: a gnoll, wielding a +0 spear (heavily wounded, covering ground quickly, 64% to hit)
You shoot a sling bullet.
The sling bullet barely misses the gnoll.
The sling bullet hits the gnoll bouda.
The sling bullet freezes the gnoll bouda.
The gnoll bouda is heavily wounded.
The gnoll misses you.
Fire: b) +1 sling (freeze)
Press: ? - help, Q - select action, (/) - cycle Shift-Dir - straight line, f/p - gnoll
Aim: a gnoll, wielding a +0 spear (heavily wounded, covering ground quickly, 64% to hit)
You shoot a sling bullet.
The sling bullet hits the gnoll but does no damage.
The gnoll is heavily wounded.
The gnoll throws a throwing net.
The throwing net completely misses you. The gnoll completely misses you.
The gnoll bouda gazes fiercely through you!
You feel your attacks grow feeble.
The gnoll is distracted by your dazzling golden aura.
The gnoll bouda is distracted by your dazzling golden aura.
Your attacks no longer feel as feeble.
You see here a throwing net.
i - 2 throwing nets (gained 1)
The gnoll is no longer distracted by gold.
Fire: b) +1 sling (freeze)
Press: ? - help, Q - select action, (/) - cycle Shift-Dir - straight line, f/p - gnoll
Aim: a gnoll, wielding a +0 spear (heavily wounded, covering ground quickly, 64% to hit)
You shoot a sling bullet.
The sling bullet hits the gnoll but does no damage.
The gnoll is heavily wounded.
You hear a shout!
The gnoll is no longer moving quickly.
The gnoll hits you from afar with a +0 spear.
* * * LOW HITPOINT WARNING * * *
The gnoll hits you from afar with a +0 spear.
You die...
Your body crumbles into a pile of gold.

#...................
................).#...
###........##.8.8.8.#.......#
##....... ..##..⌠.⌠..#.##....#
#........ #.##.8.>.8....#...#
#...#..###..#..⌠.⌠.....#..##
###...#......##.8.8.8.......####
#..........#...........##.....#.
#.......#...@.ggg..g......(.l
#..........#...........##..#>
##........###..##.#........##
#........## #...#.###........
##.####...###.....####.......
#....#.<..##.....).).....#..
..................)##....#..
...................####.....#
..^................## ##......


You could see a gnoll bouda and 3 gnolls.

Vanquished Creatures
  Eustachio (D:4)
  A water moccasin (D:5)
  An ice beast (D:5)
  A centaur (D:5)
  2 ogres (D:5)
  An orc priest (D:3)
  A gnoll bouda (D:5)
  11 gnolls
  3 adders
  A white imp (D:5)
  An ufetubus (D:5)
  A worm (D:2)
  3 dart slugs
  4 orcs (D:3)
  4 ball pythons
  7 bats
  8 endoplasms
  5 giant cockroaches
  6 goblins
  5 hobgoblins
  5 jackals
  7 kobolds
  3 quokkas (D:1)
  2 frilled lizards (D:3)
  5 rats
89 creatures vanquished.

Vanquished Creatures (others)
  3 fungi (D:2)
3 creatures vanquished.

Grand Total: 92 creatures vanquished

Notes
Turn   | Place    | Note
-------+----------+-------------------------------------------
     0 | D:1      | styxcanada the Spriggan Brigand began the quest for the
                  | Orb.
     0 | D:1      | Reached XP level 1. HP: 10/10 MP: 2/2
     8 | D:1      | Reached skill level 6 in Stealth
   307 | D:1      | Reached XP level 2. HP: 13/15 MP: 3/3
   795 | D:1      | Reached XP level 3. HP: 11/18 MP: 4/4
  1077 | D:1      | Reached skill level 7 in Stealth
  2267 | D:3      | Reached XP level 4. HP: 14/23 MP: 5/5
  2295 | D:3      | HP: 1/23 [gnoll/+0 whip (8)]
  2644 | D:3      | Reached skill level 8 in Stealth
  2798 | D:3      | Reached XP level 5. HP: 25/26 MP: 5/7
  3066 | D:3      | Reached skill level 1 in Spellcasting
  3326 | D:3      | Found a faded altar of an unknown god.
  3979 | D:4      | Noticed Eustachio
  3980 | D:4      | Killed Eustachio
  3981 | D:4      | Reached skill level 1 in Ranged Weapons
  3981 | D:4      | Reached XP level 6. HP: 31/31 MP: 7/9
  4090 | D:4      | Found a runed translucent door.
  4090 | D:4      | Noticed anonymouscript's ghost (amateur DjFE)
  4448 | D:4      | Reached skill level 9 in Stealth
  4493 | D:4      | Learned a level 3 spell: Dazzling Flash
  4516 | D:5      | Entered Level 5 of the Dungeon
  4567 | D:5      | Reached skill level 1 in Hexes
  4567 | D:5      | Reached XP level 7. HP: 22/35 MP: 11/11
  5503 | D:5      | Found a staircase to the Ecumenical Temple.
  5512 | Temple   | Entered the Ecumenical Temple
  5548 | Temple   | Became a worshipper of Gozag Ym Sagoz the Greedy
  5623 | D:5      | Reached skill level 1 in Conjurations
  5806 | D:5      | Slain by a gnoll

Illustrated notes

Levels and vault maps discovered:
D:1:      roderic_chinese_lattice_arrival, layout_basic, wad_floor_pattern_2
D:2:      layout_basic, dreamdust_mushroom_princess
D:3:      layout_basic, shapermc_ecumenical_altar_pompeii,
          kennysheep_generic_room_6
D:4:      layout_rooms, ebering_ghost_reflecting_pool, uniq_eustachio
D:5:      layout_cave_pools, chequers_temple_overflow_minitemple,
          minmay_temple_entry_statues_fountains
Temple:   cyrus_circular_temple

Skill      XL: |  1  2  3  4  5  6  7 |
---------------+----------------------+-----
Stealth        | 6 7 8 9 |  9.8
Fighting       | 2 |  2.7
Dodging        | 2 3 4 |  4.6
Spellcasting   | 1 2 3 |  3.3
Ranged Weapons | 1 |  1.7
Short Blades   | 3 |  3.6
Hexes          | 1 |  1.8
Conjurations   | 1 |  1.1
Throwing       | |  2.8

Action                   |  1- 3 |  4- 6 |  7- 9 || total
-------------------------+-------+-------+-------++-------
Melee: Dagger            |   100 |    89 |    62 ||   251
       Punch             |       |       |     1 ||     1
 Fire: Sling             |     2 |    15 |    29 ||    46
Throw: Dart              |    11 |    20 |     9 ||    40
  Use: Scroll            |     3 |     9 |       ||    12
       Potion            |       |       |     1 ||     1
 Stab: Sleeping          |    14 |     9 |       ||    23
       Distracted        |       |     1 |       ||     1
Armor: Robe              |    12 |    11 |     6 ||    29
Dodge: Dodged            |    69 |    69 |   110 ||   248
